 Dungeon Crawl Stone Soup version 0.30-a0-989-g0d87f670db (webtiles) character file.

Game seed: 8080063480774397227

163 retardedninja the Trooper (level 5, 0/50 HPs)
             Began as a Naga Fighter on Apr 3, 2023.
             Slain by a gnoll
             ... wielding a +0 club
              (3 damage)
             ... on level 4 of the Dungeon.
             The game lasted 00:04:06 (2810 turns).

retardedninja the Trooper (Naga Fighter)            Turns: 2810, Time: 00:04:07

Health: 0/50       AC:  7    Str: 21    XL:     5   Next: 44%
Magic:  5/5        EV:  7    Int: 14    God:
Gold:   123        SH:  4    Dex: 11    Spells: 4/4 levels left

rFire   + + .      SeeInvis +    a - +0 war axe
rCold   + . .      Faith    .    c - +0 buckler
rNeg    . . .      Spirit   .    b - +0 scale mail
rPois   +          Reflect  .    (no helmet)
rElec   .          Rampage  .    m - scarf {rC+ rF+}
rCorr   .                        o - +1 pair of gloves
Will    .....                    (no barding)
Stlth   +                        (no amulet)
HPRegen 0.28/turn                s - +6 ring of dexterity
MPRegen 0.09/turn                f - ring "Veujub" {rF+ Int+6 Dex-5 Slay+3 Stlth+}

@: hasted, quick
A: AC +1, large, see invisible, deformed body, poison resistance, slowness 2,
spit poison 1, naga tail 1
a: Spit Poison


You were on level 4 of the Dungeon.
You visited 1 branch of the dungeon, and saw 4 of its levels.

You collected 141 gold pieces.
You spent 18 gold pieces at shops.

Inventory:

Hand Weapons
 a - a +0 war axe (weapon)
Armour
 b - a +0 scale mail (worn)
 c - a +0 buckler (worn)
 m - a scarf of resistance (worn)
 o - a +1 pair of gloves (worn)
Jewellery
 f - the ring "Veujub" (right hand) {rF+ Int+6 Dex-5 Slay+3 Stlth+}
   (You acquired it on level 3 of the Dungeon)

   [ring of intelligence]

   Int:       It affects your intelligence (+6).
   Dex:       It affects your dexterity (-5).
   Slay:      It affects your accuracy & damage with ranged weapons and melee
   (+3).
   rF:        It protects you from fire.
   Stlth:     It makes you more stealthy.
 s - a +6 ring of dexterity (left hand)
Scrolls
 g - a scroll of teleportation
 j - a scroll of fog {unknown}
 q - a scroll of vulnerability {unknown}
 r - a scroll of blinking {unknown}
Potions
 d - a potion of might
 k - a potion of cancellation
 n - 2 potions of heal wounds
 p - a potion of curing {unknown}


   Skills:
 + Level 3.7 Fighting
 * Level 3.7 Axes
 + Level 3.0 Armour
 + Level 3.3 Shields


You had 4 spell levels left.
You didn't know any spells.
Your spell library contained the following spells:

 Spells                   Type           Power      Damage    Failure   Level
 Sting                    Tmut/Pois      0%         1d3       67%         1
 Poisonous Vapours        Pois/Air       0%         N/A       82%         2
 Frozen Ramparts          Ice            0%         1d1       96%         3
 Ice Form                 Ice/Tmut       0%         N/A       100%        4
 Olgreb's Toxic Radiance  Pois           0%         N/A       100%        4
 Summon Ice Beast         Ice/Summ       0%         N/A       100%        4


Dungeon Overview and Level Annotations

Branches:
Dungeon (4/15)
 Temple: D:4-7

Altars:
Dithmenos
Ru

Shops:
D:1 *   D:2 *


Innate Abilities, Weirdness & Mutations

Your serpentine skin is tough. (AC +1)
You have supernaturally acute eyesight. (SInv)
Armour fits poorly on your strangely shaped body.
Your system is resistant to poisons. (rPois)
You cover ground very slowly.
You can spit poison.
You have a snake-like lower body.


Message History

The gnoll hits you from afar with a +0 halberd.
* * * LOW HITPOINT WARNING * * *
Things that are here:
a +0 spear; a gnoll corpse The gnoll hits you with a +0 club.
* * * LOW HITPOINT WARNING * * *
The gnoll hits you with a +0 spear.
* * * LOW HITPOINT WARNING * * *
The gnoll attacks as you move away! The gnoll barely misses you.
The gnoll hits you from afar with a +0 spear.
* * * LOW HITPOINT WARNING * * *
You feel much better. The gnoll closely misses you.
The gnoll hits you from afar with a +0 spear.
You block the gnoll's attack.
You feel yourself speed up. The gnoll hits you but does no damage.
The gnoll closely misses you. x2
You hit the gnoll.
The gnoll is moderately wounded.
The gnoll hits you with a +0 club.
The gnoll hits you from afar with a +0 spear.
The gnoll barely misses you.
You barely miss the gnoll.
The gnoll is moderately wounded.
The gnoll hits you with a +0 club. The gnoll barely misses you. x2
You closely miss the gnoll.
The gnoll is moderately wounded.
The gnoll hits you with a +0 club.
The gnoll hits you from afar with a +0 spear.
The gnoll hits you from afar with a +0 halberd!
* * * LOW HITPOINT WARNING * * *
You closely miss the gnoll.
The gnoll is moderately wounded.
You block the gnoll's attack. The gnoll hits you with a +0 club.
* * * LOW HITPOINT WARNING * * *
The gnoll hits you from afar with a +0 spear!
* * * LOW HITPOINT WARNING * * *
You completely miss the gnoll.
The gnoll is moderately wounded.
The gnoll hits you with a +0 club.
You die...

#. ### ....?#
#.##.#
####.##.#
....##.#####
#..##.#...
##..##g#.###.##
#...@gg........
#<..##.#.###.##
#...>....<.
#..###...###
#..# ##### #..#
#..# ...# ....#


You could see 3 gnolls.

Vanquished Creatures
  An orc priest (D:3)
  An orc wizard (D:3)
  A gnoll (D:4)
  4 adders
  3 worms
  A dart slug (D:2)
  An orc (D:3)
  5 ball pythons
  4 endoplasms
  2 giant cockroaches
  4 hobgoblins
  3 kobolds
  3 quokkas
  7 bats
  3 frilled lizards
  6 goblins
49 creatures vanquished.

Notes
Turn   | Place    | Note
-------+----------+-------------------------------------------
     0 | D:1      | retardedninja the Naga Fighter began the quest for the Orb.
     0 | D:1      | Reached XP level 1. HP: 21/21 MP: 1/1
   241 | D:1      | Reached XP level 2. HP: 28/28 MP: 2/2
   403 | D:1      | Found Seabimo's Assorted Antiques.
   966 | D:2      | Reached XP level 3. HP: 23/34 MP: 3/3
  1260 | D:2      | Reached XP level 4. HP: 42/42 MP: 4/4
  1276 | D:2      | Found a faded altar of an unknown god.
  1536 | D:2      | Found Cues's Assorted Antiques.
  1542 | D:2      | Bought a pink potion for 18 gold pieces
  2115 | D:3      | Reached XP level 5. HP: 32/50 MP: 5/5
  2417 | D:3      | Found a sacrificial altar of Ru.
  2546 | D:3      | Found a shadowy altar of Dithmenos.
  2781 | D:3      | Identified a scroll of acquirement
  2781 | D:3      | Acquired the ring "Veujub" {rF+ Int+6 Dex-5 Slay+3 Stlth+}
  2810 | D:4      | Slain by a gnoll

Illustrated notes

Levels and vault maps discovered:
D:1:      ncdulo_wetmaze, layout_loops_corners, serial_shops,
          nicolae_diamond_shop
D:2:      layout_basic, ebering_ecumenical_altar_sacrificial, serial_shops,
          nicolae_square_shop
D:3:      layout_rooms, mainiacjoe_overflow_surrounded_room,
          grunt_dithmenos_smoke_and_mirrors
D:4:      old_forge, layout_loops_ring, nicolae_overflow_crystal_walls,
          uniq_robin

Skill      XL: |  1  2  3  4 |
---------------+-------------+-----
Shields        | 3 |  3.3
Axes           | 3 |  3.7
Armour         | 3 |  3.0
Fighting       | |  3.7

Action                     |  1- 3 |  4- 6 || total
---------------------------+-------+-------++-------
  Melee: War axe           |   102 |    78 ||   180
Ability: Spit Poison       |     1 |       ||     1
    Use: Potion            |       |     4 ||     4
         Scroll            |       |     6 ||     6
 Armour: Scale mail        |    48 |    32 ||    80
  Dodge: Dodged            |    48 |    38 ||    86
  Block: Buckler           |    24 |    23 ||    47

Table legend: (Time is in decaauts)
 A = Elapsed time spent in this place.
 B = Non-inter-level travel time spent in this place.
 C = Inter-level travel time spent in this place.
 D = Time resting spent in this place.
 E = Time spent auto-exploring this place.
 F = Levels seen in this place.
 G = Mean time per level.
                   A        B        C        D        E       F      G
               +--------+--------+--------+--------+--------+-----+--------+
         Total |   3656 |   3526 |    130 |    336 |   2639 |   4 |  914.0 |
       Dungeon |   3656 |   3526 |    130 |    336 |   2639 |   4 |  914.0 |
               +--------+--------+--------+--------+--------+-----+--------+

Top non-repeatable levels by time:
     D:1: 1292 daAuts
     D:2: 1244 daAuts
     D:3: 1095 daAuts
     D:4: 24 daAuts
